 Dungeon Crawl Stone Soup version 0.27-a0-346-ga689d4a613 (webtiles) character file.

Game seed: 773991980353582712

130 Lanoc the Vandal (level 5, -1/35 HPs)
             Began as a Halfling Hunter on Feb 15, 2021.
             Slain by Grinder (6 damage)
             ... on level 3 of the Dungeon.
             The game lasted 00:03:53 (1706 turns).

Lanoc the Vandal (Halfling Hunter)                  Turns: 1706, Time: 00:03:53

Health: -1/35      AC:  3    Str: 13    XL:     5   Next: 36%
Magic:  5/5        EV: 15    Int:  9    God:
Gold:   61         SH:  0    Dex: 16    Spells: 4/4 levels left

rFire    . . .     SeeInvis +   b - +0 short sword
rCold    . . .     Faith    +   (shield restricted)
rNeg     . . .     Spirit   .   c - +0 leather armour
rPois    .         Reflect  .   (no helmet)
rElec    .         Harm     .   (no cloak)
rCorr    .         Rampage  .   (no gloves)
Will     +....                  (no boots)
Stlth    ++........             l - amulet of faith
HPRegen  0.11/turn              j - ring of willpower
MPRegen  0.09/turn              n - ring of see invisible

@: no status effects
A: small, mutation resistance 1
a: no special abilities


You were on level 3 of the Dungeon.
You visited 1 branch of the dungeon, and saw 3 of its levels.

You collected 61 gold pieces.

Inventory:

Hand Weapons
 a - a +1 hunting sling
 b - a +0 short sword (weapon)
Missiles
 h - 31 poisoned darts (quivered)
Armour
 c - a +0 leather armour (worn)
Jewellery
 j - a ring of willpower (left hand)
 l - an amulet of faith (around neck)
 n - a ring of see invisible (right hand)
Scrolls
 f - a scroll of magic mapping {unknown}
 g - 3 scrolls of fear
 k - 2 scrolls of teleportation
 m - a scroll of enchant weapon {unknown}
 o - a scroll of blinking {unknown}
 p - a scroll of amnesia {unknown}
 q - 3 scrolls of fog {unknown}
Potions
 e - 2 potions of haste
 r - a potion of curing


   Skills:
 + Level 2.7 Fighting
 * Level 7.6 Slings
 + Level 3.3 Dodging
 - Level 1.1 Stealth


You had 4 spell levels left.
You didn't know any spells.
Your spell library was empty.

Dungeon Overview and Level Annotations

Branches:
Dungeon (3/15)

Altars:

Annotations:
D:3 Grinder


Innate Abilities, Weirdness & Mutations

You are small and have problems with some larger weapons.
You are somewhat resistant to further mutation.


Message History

You resist with almost no effort.
You shoot a stone. The stone closely misses Grinder.
You shoot a stone.
The stone hits Grinder but does no damage.
Grinder is heavily wounded.
You shoot a stone. The stone hits Grinder.
Grinder is heavily wounded.
Grinder gestures at you. You resist with some effort.
You shoot a stone.
The stone hits Grinder but does no damage.
Grinder is heavily wounded.
You shoot a stone. The stone closely misses Grinder.
Grinder blinks!
You shoot a stone. The stone closely misses Grinder.
You shoot a sling bullet. The sling bullet hits Grinder!
Grinder is severely wounded.
You shoot a sling bullet. The sling bullet barely misses Grinder.
You shoot a sling bullet.
The sling bullet closely misses Grinder.
You shoot a sling bullet. The sling bullet hits Grinder.
Grinder is almost dead.
Grinder closely misses you.
You shoot a sling bullet.
The sling bullet closely misses Grinder.
Grinder closely misses you.
You do not have any ammo quivered for your +1 hunting sling.
b - a +0 short sword (weapon)
You hit Grinder.
Grinder is almost dead.
Grinder hits you.
You writhe in agony.
You hit Grinder but do no damage.
Grinder is almost dead.
Grinder hits you!
You writhe in agony.
* * * LOW HITPOINT WARNING * * *
You barely miss Grinder.
Grinder is almost dead.
Grinder closely misses you. Grinder hits you.
* * * LOW HITPOINT WARNING * * *
You writhe in agony.
You die...

#.........###.......
#........†..........
#######'#####.......
#######.#...........
....................
#######.#..##.......
....................
###########(#..#........
.......@5(((#...........
########.####...........
.......(..##...........
########..##...#.......
..##...#.......
.(##...#.......
..##...#.......
..##...#.......
...#........#+#


You could see Grinder.

Vanquished Creatures
  A bullfrog skeleton (D:3)
  Robin (D:3)
  2 adders
  A gnoll (D:1)
  2 worms (D:3)
  2 dart slugs
  2 leopard geckos (D:2)
  3 bats
  3 giant cockroaches
  11 goblins
  10 hobgoblins
  7 kobolds
  3 rats
48 creatures vanquished.

Notes
Turn   | Place    | Note
-------+----------+-------------------------------------------
     0 | D:1      | Lanoc the Halfling Hunter began the quest for the Orb.
     0 | D:1      | Reached XP level 1. HP: 14/14 MP: 1/1
    29 | D:1      | Reached skill level 6 in Slings
    90 | D:1      | Reached XP level 2. HP: 19/19 MP: 2/2
   131 | D:1      | Reached XP level 3. HP: 24/24 MP: 3/3
   764 | D:3      | Reached XP level 4. HP: 30/30 MP: 4/4
   765 | D:3      | Noticed Robin
   784 | D:2      | Reached skill level 7 in Slings
  1002 | D:3      | Killed Robin
  1394 | D:3      | Noticed Grinder
  1395 | D:3      | Reached XP level 5. HP: 23/35 MP: 5/5
  1706 | D:3      | Slain by Grinder

Illustrated notes

Levels and vault maps discovered:
D:1:      giann_bridges, layout_basic, due_unseen_surprise
D:2:      minmay_diamond_boxcup, layout_loops_ring
D:3:      layout_basic, uniq_grinder, uniq_robin

Skill      XL: |  1  2  3  4 |
---------------+-------------+-----
Slings         | 6 7 |  7.6
Fighting       | 2 |  2.7
Dodging        | 3 |  3.3
Stealth        | |  1.1

Action                   |  1- 3 |  4- 6 || total
-------------------------+-------+-------++-------
Melee: Short sword       |       |    56 ||    56
 Fire: Hunting sling     |    72 |    49 ||   121
Throw: Dart              |       |    12 ||    12
  Use: Potion            |       |     4 ||     4
       Scroll            |       |     2 ||     2
Armor: Leather armour    |     8 |     8 ||    16
Dodge: Dodged            |    10 |    42 ||    52

Table legend: (Time is in decaauts)
 A = Elapsed time spent in this place.
 B = Non-inter-level travel time spent in this place.
 C = Inter-level travel time spent in this place.
 D = Time resting spent in this place.
 E = Time spent auto-exploring this place.
 F = Levels seen in this place.
 G = Mean time per level.
                   A        B        C        D        E       F      G
               +--------+--------+--------+--------+--------+-----+--------+
         Total |   1671 |   1655 |     16 |    151 |   1160 |   3 |  557.0 |
       Dungeon |   1671 |   1655 |     16 |    151 |   1160 |   3 |  557.0 |
               +--------+--------+--------+--------+--------+-----+--------+

Top non-repeatable levels by time:
     D:3: 740 daAuts
     D:2: 581 daAuts
     D:1: 349 daAuts
